 Dungeon Crawl Stone Soup version 0.25.1-2-g60ff931df9 (webtiles) character file.

Game seed: 7379849406317926628

673 soggyman666 the Chopper (level 7, -15/63 HPs)
             Began as a Deep Dwarf Fighter on Nov 2, 2020.
             Was a Follower of Makhleb.
             Demolished by an ogre
             ... wielding a +0 giant club
              (17 damage)
             ... on level 5 of the Dungeon.
             The game lasted 00:14:43 (3074 turns).

soggyman666 the Chopper (Deep Dwarf Fighter)        Turns: 3074, Time: 00:14:44

Health: -15/63     AC:  8    Str: 22      XL:     7   Next: 33%
Magic:  7/7        EV:  8    Int:  8      God:    Makhleb [*.....]
Gold:   341        SH: 10    Dex: 10 (12) Spells: 6/6 levels left

rFire    . . .     SeeInvis .   a - +1 war axe
rCold    . . .     Gourm    .   e - +0 kite shield
rNeg     . . .     Faith    .   b - +0 scale mail
rPois    .         Spirit   .   i - +0 helmet
rElec    .         Reflect  .   (no cloak)
rCorr    .         Harm     .   (no gloves)
MR       +....                  (no boots)
Stlth    ..........             (no amulet)
HPRegen  0.00/turn              (no ring)
MPRegen  0.10/turn              (no ring)

@: non-regenerating
A: damage resistance, heal wounds, sense surroundings 1, no regeneration
a: Heal Wounds, Renounce Religion


You were on level 5 of the Dungeon.
You worshipped Makhleb.
Makhleb was aware of your devotion.
You were not hungry.

You visited 1 branch of the dungeon, and saw 5 of its levels.

You collected 341 gold pieces.

Inventory:

Hand Weapons
 a - a +1 war axe (weapon)
Armour
 b - a +0 scale mail (worn)
 e - a +0 kite shield (worn)
 i - a +0 helmet (worn)
Scrolls
 c - a scroll of fear {unknown}
 j - 4 scrolls of magic mapping
 l - 3 scrolls of teleportation
 m - 2 scrolls of amnesia
 p - 2 scrolls of enchant armour {unknown}
Potions
 d - a potion of might
 g - a potion of stabbing {unknown}
 h - 2 potions of magic
 k - a potion of heal wounds
 o - 2 potions of mutation
Comestibles
 f - 8 rations


   Skills:
 + Level 3.9 Fighting
 + Level 6.4 Axes
 + Level 4.3 Armour
 + Level 2.3 Dodging
 + Level 0.5 Stealth
 + Level 4.8 Shields


You had 6 spell levels left.
You didn't know any spells.
Your spell library was empty.

Dungeon Overview and Level Annotations

Branches:
Dungeon (5/15)
 Temple: D:4-7

Altars:
Gozag
Makhleb
Trog
Zin


Innate Abilities, Weirdness & Mutations

You are resistant to damage.
You can heal yourself by infusing magical energy.
You passively map a small area around you.
You do not regenerate.


Message History

You are too injured to fight recklessly!
You are too injured to fight recklessly!
You are too injured to fight recklessly!
You are too injured to fight recklessly!
You are too injured to fight recklessly!
You are too injured to fight recklessly!
You hit the ogre.
The ogre is moderately wounded.
The ogre barely misses you.
You slash the ogre!
The ogre is heavily wounded.
You block the ogre's attack.
You slash the ogre!
The ogre is almost dead.
The ogre hits you with a +0 giant club!!
* * * LOW HITPOINT WARNING * * *
You hit the ogre.
The ogre is almost dead.
The ogre hits you with a +0 giant club!!
You die...

, ,*
####.##..###.#.# ,*
................#..
,
#..###..#.....###.#
,
...............####
* #..#
#............. *, ,
#..# #....########.
, #..# #....# #. ,
#.###.O# #.#.## * *
#. #.....@###.#.# *
... ,
#.####.....#.# ####
* #######.# * * *
#.# * #.# * * ,,,
... , * ** ### *


You could see an ogre.

Vanquished Creatures
  Eustachio (D:4)
  An ogre (D:4)
  A scorpion (D:5)
  2 orc wizards (D:2)
  A hound (D:3)
  2 iguanas (D:4)
  A worker ant (D:4)
  4 gnolls (D:3)
  6 adders
  A shadow imp (D:5)
  An ooze (D:3)
  7 worms
  2 dart slugs
  4 leopard geckos
  4 orcs
  3 ball pythons
  4 giant cockroaches
  9 goblins
  18 hobgoblins
  2 jackals (D:2)
  7 kobolds
  2 quokkas
  10 bats
  3 frilled lizards
  13 rats
109 creatures vanquished.

Notes
Turn   | Place    | Note
-------+----------+-------------------------------------------
     0 | D:1      | soggyman666 the Deep Dwarf Fighter began the quest for the
                  | Orb.
     0 | D:1      | Reached XP level 1. HP: 20/20 MP: 1/1
   124 | D:1      | Reached XP level 2. HP: 16/27 MP: 2/2
   478 | D:1      | Reached XP level 3. HP: 33/33 MP: 3/3
   631 | D:1      | Reached skill level 3 in Axes
   804 | D:2      | Reached XP level 4. HP: 34/42 MP: 4/4
   876 | D:2      | Found an opulent altar of Gozag.
   887 | D:2      | Reached skill level 4 in Axes
   888 | D:2      | Reached XP level 5. HP: 38/49 MP: 5/5
   889 | D:2      | Found a bloodstained altar of Trog.
  1349 | D:3      | Reached skill level 1 in Dodging
  1360 | D:3      | Found a burning altar of Makhleb.
  1369 | D:3      | Became a worshipper of Makhleb the Destroyer
  1497 | D:3      | Reached skill level 5 in Axes
  1788 | D:3      | Reached XP level 6. HP: 23/56 MP: 6/6
  1935 | D:3      | Found a glowing silver altar of Zin.
  2200 | D:3      | Reached * piety under Makhleb
  2478 | D:4      | Noticed Eustachio
  2539 | D:4      | Killed Eustachio
  2539 | D:4      | Reached skill level 6 in Axes
  2539 | D:4      | Reached XP level 7. HP: 31/63 MP: 7/7
  2872 | D:5      | Entered Level 5 of the Dungeon
  3073 | D:5      | HP: 2/63 [ogre/+0 giant club (24)]
  3074 | D:5      | Demolished by an ogre

Illustrated notes

Levels and vault maps discovered:
D:1:      dpeg_arrival_court, layout_basic, minmay_hedge_maze
D:2:      layout_rooms, grunt_temple_overflow_open
D:3:      layout_loops_ring, marbit_many_paths, makhleb_blood_cavern_becter
D:4:      layout_loops_ring, uniq_eustachio
D:5:      layout_basic, kennysheep_little_box, first_ration

Skill      XL: |  1  2  3  4  5  6 |
---------------+-------------------+-----
Fighting       | 3 |  3.9
Axes           | 3 4 5 6 |  6.4
Shields        | 4 |  4.8
Dodging        | 1 2 |  2.3
Armour         | 4 |  4.3
Stealth        | |  0.5

Action                   |  1- 3 |  4- 6 |  7- 9 || total
-------------------------+-------+-------+-------++-------
Melee: War axe           |   122 |   197 |    29 ||   348
 Abil: Heal Wounds       |     1 |     1 |     1 ||     3
  Use: Scroll            |     5 |     5 |     1 ||    11
  Eat: Chunk             |       |     6 |     2 ||     8
Armor: Scale mail        |    76 |   103 |     4 ||   183
Dodge: Dodged            |    50 |    77 |     7 ||   134
Block: Kite shield       |    92 |   119 |    12 ||   223
